 Dungeon Crawl Stone Soup version 0.17.0-28-g6e173f8 (webtiles) character file.

1042 Larett the Protected (level 8, -14/70 HPs)
             Began as a Hill Orc Fighter on Nov 29, 2015.
             Was a Follower of Beogh.
             Demolished by apoch's ghost (16 damage)
             ... on level 6 of the Dungeon.
             The game lasted 00:14:52 (6427 turns).

Larett the Protected (Hill Orc Fighter)             Turns: 6427, Time: 00:14:52

Health: -14/70     AC: 12    Str: 21    XL:     8   Next: 25%
Magic:  8/8        EV:  5    Int:  8    God:    Beogh [*.....]
Gold:   261        SH:  9    Dex: 10    Spells: 0 memorised, 7 levels left

rFire  . . .     SeeInvis .     b - +1 short sword (venom)
rCold  . . .     Clarity  .     o - +0 chain mail
rNeg   . . .     SustAt   +     c - +0 shield
rPois  .         Gourm    .     (no helmet)
rElec  .         Spirit   .     (no cloak)
rCorr  .         Warding  .     (no gloves)
rMut   .         Stasis   .     (no boots)
MR     .....                    (no amulet)
Stlth  ..........               (no ring)
                                n - ring of sustain attributes

@: not resistant to hostile enchantments, extremely unstealthy
A: no striking features
a: Renounce Religion


You were on level 6 of the Dungeon.
You worshipped Beogh.
Beogh was aware of your devotion.
You were not hungry.

You visited 2 branches of the dungeon, and saw 7 of its levels.
You also visited: Sewer.

You collected 261 gold pieces.

Inventory:

Hand Weapons
 a - a +0 war axe
 b - a +1 short sword of venom (weapon)
 k - a +0 hunting sling
 l - a +0 hand axe
 v - a +0 blowgun
 B - a +0 trident
 K - a +0 shortbow
Missiles
 g - 15 bolts
 j - 112 arrows
 m - 133 stones (quivered)
 r - 6 silver javelins
 t - 16 silver sling bullets
 w - 13 poisoned needles
 y - 42 sling bullets
 L - 5 curare-tipped needles
Armour
 c - a +0 shield (worn)
 o - a +0 chain mail (worn)
Jewellery
 n - a ring of sustain attributes (left hand)
 H - an uncursed amulet of rage {unknown}
Wands
 C - a wand of magic darts (14)
 G - a wand of magic darts (31)
Scrolls
 f - 4 scrolls of teleportation
 i - 5 scrolls of enchant weapon
 p - 2 scrolls of enchant armour
 D - 2 scrolls of remove curse
 F - a scroll of immolation {unknown}
 M - a scroll of identify
 N - a scroll of recharging {unknown}
 P - a scroll of magic mapping
 Q - a scroll of silence {unknown}
Potions
 d - 2 potions of might
 h - a potion of flight
 q - 2 potions of agility
 s - 5 potions of curing
 x - 2 potions of heal wounds {unknown}
 z - 2 potions of cancellation
 J - a potion of magic {unknown}
 O - a potion of haste {unknown}
Comestibles
 e - 3 bread rations
 u - a slice of pizza
 A - a meat ration
 E - 2 chunks of flesh
 I - 3 fruits


   Skills:
 - Level 6.0 Fighting
 * Level 3.3 Short Blades
 - Level 2.6 Axes
 - Level 9.0 Armour
 - Level 3.2 Shields
 - Level 0.6 Evocations


You had 7 spell levels left.
You didn't know any spells.

Dungeon Overview and Level Annotations

Branches:
Dungeon (6/15)             Temple (1/1) D:4

Altars:
Elyvilon
Fedhas
Makhleb
Nemelex Xobeh
Okawaru
Qazlal
Ru
Trog
Zin
The Shining One

Annotations:
D:6 apoch's ghost, novice TrMo


Message History

You block apoch's ghost's attack.
You hit apoch's ghost.
Apoch's ghost is lightly damaged.
Apoch's ghost hits you but does no damage.
You hit apoch's ghost.
Apoch's ghost is lightly damaged.
You block apoch's ghost's attack.
You barely miss apoch's ghost.
Apoch's ghost is lightly damaged.
Apoch's ghost wails, "You will never get the ORB!"
Apoch's ghost hits you!
* * * LOW HITPOINT WARNING * * *
You hit apoch's ghost.
Apoch's ghost is lightly damaged.
Apoch's ghost hits you!
* * * LOW HITPOINT WARNING * * *
You closely miss apoch's ghost.
Apoch's ghost is lightly damaged.
Apoch's ghost hits you!
You die...

*,,.....# #.......# *,********
****#...######...##### *,,,,,,,,,
,,***#..#......#...## **.*****,**
*,,* #........###...###..,,,**,,,
,,,**#.........##...#...,,*,,,,,*
*#..............#.......,,,,,*,,,
*####.###..####.#...#.,,,,*,,,,,*
* #.* #....#..W...#,,,,,,,***,,
***#.* #..#.#.<@..##**,***** **,
**,,.,* #....#...### *,,**** **
*,,*#** ##..#....# *,,,,,* ,,**
*##......# *,,,,,*
,,*******........#*****,,_,,*
,,,,,,,,,.##......*,,,,,,,,,*
,,********#.......,,,,,,,,,,* ,**
*#.......,,,,,,,,,,* ,*
*,,,,,,,,,,,,,,,,,**


You could see apoch's ghost.

Vanquished Creatures
  Grinder (D:5)
  2 ogres (D:5)
  A centaur (D:5)
  A phantom (D:4)
  A scorpion (D:4)
  2 hounds
  2 orc wizards
  3 worker ants
  8 adders
  3 gnolls (D:4)
  4 river rats (Sewer)
  A shadow imp (D:5)
  A worm (D:2)
  5 giant geckos
  18 orcs
  2 bats (D:3)
  7 giant cockroaches
  9 goblins
  5 hobgoblins
  12 jackals
  10 kobolds
  A quokka (D:2)
  5 ball pythons
  A giant gecko skeleton (D:4)
  9 giant newts
  6 rats
120 creatures vanquished.

Vanquished Creatures (others)
  A scorpion (D:5)
  A quokka (D:5)
2 creatures vanquished.

Grand Total: 122 creatures vanquished

Notes
Turn   | Place    | Note
--------------------------------------------------------------
     0 | D:1      | Larett the Hill Orc Fighter began the quest for the Orb.
     0 | D:1      | Reached XP level 1. HP: 19/19 MP: 1/1
   251 | D:1      | Reached skill level 4 in Fighting
   439 | D:1      | Reached XP level 2. HP: 24/27 MP: 2/2
   861 | D:2      | Reached XP level 3. HP: 31/35 MP: 3/3
   872 | D:2      | Reached skill level 5 in Fighting
  1428 | D:2      | Reached XP level 4. HP: 32/44 MP: 4/4
  1533 | D:2      | Reached skill level 6 in Fighting
  1954 | D:3      | Found a sparkling altar of Nemelex Xobeh.
  2514 | D:3      | Reached XP level 5. HP: 50/50 MP: 5/5
  2960 | D:4      | Noticed a phantom
  2981 | D:4      | Killed a phantom
  2981 | D:4      | Reached skill level 5 in Armour
  2981 | D:4      | Reached XP level 6. HP: 21/57 MP: 6/6
  3529 | D:4      | Found a staircase to the Ecumenical Temple.
  3747 | Temple   | Entered the Ecumenical Temple
  4304 | D:5      | Entered Level 5 of the Dungeon
  4646 | D:5      | Became a worshipper of Beogh the Brigand
  4815 | D:5      | Reached skill level 7 in Armour
  4832 | D:5      | Noticed Grinder
  4850 | D:5      | Reached XP level 7. HP: 33/63 MP: 7/7
  4853 | D:5      | Paralysed by Grinder for 6 turns
  4863 | D:5      | Killed Grinder
  4863 | D:5      | Reached skill level 8 in Armour
  5444 | D:5      | Reached skill level 9 in Armour
  5601 | D:5      | Reached skill level 1 in Short Blades
  5601 | D:5      | Reached XP level 8. HP: 55/70 MP: 8/8
  5986 | D:6      | Found a glowing drain.
  6054 | Sewer    | Entered a sewer
  6153 | Sewer    | Reached * piety under Beogh
  6411 | D:6      | Noticed apoch's ghost (novice TrMo)
  6426 | D:6      | HP: 1/70 [apoch's ghost (16)]
  6427 | D:6      | Demolished by apoch's ghost

Action                   |  1- 3 |  4- 6 |  7- 9 || total
-------------------------+-------+-------+-------++-------
Melee: War axe           |    19 |    53 |    46 ||   118
       Hand axe          |   114 |   180 |       ||   294
       Short sword       |       |       |   122 ||   122
Invok: Convert to Beogh  |       |     1 |       ||     1
Evoke: Wand              |       |     5 |       ||     5
  Use: Scroll            |       |     9 |     1 ||    10
       Potion            |       |       |     4 ||     4
  Eat: Chunk             |     2 |    10 |     2 ||    14
       Bread ration      |       |       |     1 ||     1
